 Dungeon Crawl Stone Soup version 0.29.1-14-g9c671dbff4 (webtiles) character file.

Game seed: 16381358719569244476

102265 rhet the Swashbuckler (level 16, 0/104 HPs)
             Began as a Kobold Delver on Feb 16, 2023.
             Was the Champion of Dithmenos.
             Succumbed to a sea snake's poison
             ... on level 1 of the Shoals on Feb 18, 2023.
             The game lasted 02:22:10 (37787 turns).

rhet the Swashbuckler (Kobold Delver)              Turns: 37787, Time: 02:22:11

Health: 0/104      AC: 18    Str: 20    XL:     16   Next: 85%
Magic:  27/27      EV: 40    Int: 20    God:    Dithmenos [******]
Gold:   427        SH:  0    Dex: 23    Spells: 20/30 levels left

rFire   + + .      SeeInvis .   x - +11 short sword of Honour {holy, Str+3}
rCold   + . .      Faith    .   (no shield)
rNeg    . . .      Spirit   .   a - +5 acid dragon scales
rPois   +          Reflect  .   e - +2 hood of the Assassin {Detection Stab+ Stlth++}
rElec   +          Harm     .   h - scarf {repulsion}
rCorr   +          Rampage  .   r - +1 pair of gloves
Will    +....                   v - +1 pair of boots Stlth *******+++
                                C - amulet "Ytuob" {Acrobat rF+ Int+3}
HPRegen 0.27/turn               B - +6 ring of strength
MPRegen 0.20/turn               F - +6 ring of intelligence

@: lethally poisoned (0 -> -7), resistant, on berserk cooldown, acrobatic,
slowed, wreathed by umbra, repel missiles, very slow
A: small, no large weapons, nightstalker 3
a: Renounce Religion, Shadow Step, Shadow Form


You were on level 1 of the Shoals.
You worshipped Dithmenos.
Dithmenos was exalted by your worship.
You visited 7 branches of the dungeon, and saw 27 of its levels.
You also visited: Bailey and Ice Cave.

You collected 2834 gold pieces.
You spent 2407 gold pieces at shops.

Inventory:

Hand Weapons
 t - a +9 short sword of chaos
 x - the +11 short sword of Honour (weapon) {holy, Str+3}
   (You found it on level 2 of the Dungeon)

   It has been blessed by the Shining One to cause great damage to the undead
   and demons.
   Str:       It affects your strength (+3).
 J - a +1 vorpal shortbow
 Z - a +1 dagger of venom
Armour
 a - +5 acid dragon scales (worn)
 c - a +2 robe of cold resistance
 e - the +2 hood of the Assassin (worn) {Detection Stab+ Stlth++}
   (You bought it in a shop on level 2 of the Orcish Mines)

   It allows the wearer to sense nearby creatures.
   It allows the wearer to make particularly effective stabbing attacks against
   helpless or unaware enemies with any weapon.
   Stlth:     It makes you much more stealthy.
 h - a scarf of repulsion (worn)
 r - a +1 pair of gloves (worn)
 v - a +1 pair of boots (worn)
 I - the +0 robe "Cegoz" {SInv}
   (You found it on level 10 of the Dungeon)

   SInv:      It lets you see invisible.
Jewellery
 b - a ring of resist corrosion
 f - an amulet of regeneration
 n - a ring of willpower
 s - a ring of see invisible
 A - a ring of flight
 B - a +6 ring of strength (left hand)
 C - the amulet "Ytuob" (around neck) {Acrobat rF+ Int+3}
   (You bought it in a shop on level 2 of the Shoals)

   [amulet of the acrobat]

   It increases your evasion while moving and waiting.
   Int:       It affects your intelligence (+3).
   rF:        It protects you from fire.
 F - a +6 ring of intelligence (right hand)
Wands
 g - a wand of digging (1)
 w - a wand of flame (10)
 y - a wand of mindburst (15)
 K - a wand of polymorph (9)
 U - a wand of iceblast (6)
Scrolls
 d - 4 scrolls of magic mapping
 i - 4 scrolls of poison
 k - 5 scrolls of identify
 l - a scroll of enchant weapon
 m - 2 scrolls of brand weapon
 G - 4 scrolls of amnesia
 T - a scroll of silence
Potions
 j - a potion of cancellation
 p - a potion of might
 q - 5 potions of magic
 z - 2 potions of haste
 H - a potion of flight
 S - 5 potions of brilliance
Miscellaneous
 u - a piece from Xom's chessboard (15/15)


   Skills:
 + Level 13.5 Fighting
 + Level 18.3 Short Blades
 * Level 13.5 Ranged Weapons
 - Level 4.1 Armour
 + Level 12.5 Dodging
 + Level 16.0 Stealth
 + Level 7.8 Spellcasting
 + Level 9.5 Hexes
 - Level 3.4 Poison Magic
 - Level 10.7 Evocations


You had 20 spell levels left.
You knew the following spells:

 Your Spells              Type           Power      Damage    Failure   Level
a - Slow                  Hex            100%       N/A       1%          1
b - Confusing Touch       Hex            46%        N/A       1%          3
c - Apportation           Tloc           14%        N/A       11%         1
d - Poisonous Vapours     Pois/Air       28%        N/A       9%          2
e - Inner Flame           Hex/Fire       26%        N/A       4%          3

Your spell library contained the following spells:

 Spells                   Type           Power      Damage    Failure   Level
 Sting                    Tmut/Pois      56%        1d5       5%          1
 Foxfire                  Conj/Fire      28%        2x1d5     11%         1
 Necrotise                Necr           28%        1d5       11%         1
 Summon Small Mammal      Summ           28%        N/A       11%         1
 Static Discharge         Conj/Air       7%         3-4/arc   17%         2
 Olgreb's Toxic Radiance  Pois           21%        N/A       26%         4
 Conjure Flame            Conj/Fire      7%         6-21      32%         3
 Frozen Ramparts          Ice            14%        1d3       32%         3
 Ozocubu's Armour         Ice            7%         N/A       32%         3
 Stone Arrow              Conj/Erth      14%        3d7       32%         3
 Vampiric Draining        Necr           7%         2d6       32%         3
 Metabolic Englaciation   Hex/Ice        13%        N/A       41%         5
 Animate Armour           Summ/Erth      14%        N/A       73%         4
 Animate Dead             Necr           7%         N/A       73%         4
 Flame Wave               Conj/Fire      7%         2d5       73%         4
 Ice Form                 Ice/Tmut       7%         N/A       73%         4
 Summon Ice Beast         Ice/Summ       7%         N/A       73%         4
 Blade Hands              Tmut           3%         N/A       97%         5
 Borgnjor's Vile Clutch   Necr/Erth      3%         N/A       97%         5
 Freezing Cloud           Conj/Ice/Air   3%         6-21      97%         5
 Irradiate                Conj/Tmut      3%         3d12      97%         5
 Lightning Bolt           Conj/Air       3%         1d15      97%         5
 Death Channel            Necr           3%         N/A       100%        6
 Simulacrum               Ice/Necr       3%         N/A       100%        6
 Dragon Form              Tmut           3%         N/A       100%        7
 Lehudib's Crystal Spear  Conj/Erth      3%         10d3      100%        8
 Maxwell's Capacitive Co  Air            3%         ∞         100%        8
 Polar Vortex             Ice            3%         N/A       100%        9


Dungeon Overview and Level Annotations

Branches:
Dungeon (15/15)            Temple (1/1) D:5            Lair (5/5) D:10
 Shoals (2/4) Lair:3        Snake (1/4) Lair:3        Slime (0/5) Lair:4
    Orc (2/2) D:12            Elf (1/3) Orc:2        Vaults (0/5) D:14
 Depths (0/4) D:15         Bailey (visited)           IceCv (visited)

Altars:
Ashenzari
Cheibriados
Dithmenos
Elyvilon
Fedhas
Gozag
Hepliaklqana
Kikubaaqudgha
Makhleb
Nemelex Xobeh
Okawaru
Qazlal
Ru
Sif Muna
Trog
Uskayaw
Vehumet
Wu Jian
Xom
Yredelemnul
Zin
The Shining One
Jiyva

Shops:
D:3 (:   D:10 =   Orc:1 =   Orc:2 ([=(   Shoals:2 =

Annotations:
Lair:1 3 runed translucent doors, Kitec's ghost, journeyman MiFi
Lair:4 1 runed translucent door
Shoals:1 Aizul
Elf:1 6 runed translucent doors


Innate Abilities, Weirdness & Mutations

You are small and have problems with some larger weapons.
You are completely attuned to the shadows.


Message History

You feel very sick. The sea snake closely misses you.
You puncture the sea snake!
The sea snake is severely wounded.
Your shadow hits the sea snake with a short sword.
You feel very sick.
You catch the helpless sea snake completely off-guard!
You skewer the sea snake like a kebab!!!
You kill the sea snake!
Dithmenos accepts your kill.
You feel very sick.
Your Stealth skill increases to level 16!
You are too berserk!
Unknown command.
You are too berserk!
You are too berserk!
Unknown command.
* * * LOW HITPOINT WARNING * * *
You feel extremely sick.
You feel a strong urge to attack something.
You feel very sick.
You feel very sick.
You feel your anger nearly subside.
You are no longer berserk.
You are exhausted.
You feel yourself slow down.
* * * LOW HITPOINT WARNING * * *
You feel very sick.
Okay, then.
Okay, then.
You're already wearing that object!
As you read the scroll of identify, it crumbles to dust.
j - a potion of cancellation
* * * LOW HITPOINT WARNING * * *
You feel extremely sick.
You feel protected.
* * * LOW HITPOINT WARNING * * *
You feel very sick.
* * * LOW HITPOINT WARNING * * *
You feel very sick.
You die...

≈~~~..####...~.........~~.~
~~~~..####...~..).........~
~~....##.......~~~~~..[##..
~~....†...~....~~~~~~...##.
~~~.>###..~~~.~~~~~~~~.....
~~~~~..#####..~~~~~.~~....##
~~~~~...#####..~~....~....##
≈~~~~~...##..##.~~..........
≈≈~~~~)....@..#.~~.........P
≈≈≈~~~~.........~~>. ~..
≈≈~~~~~~~......)~~~~ .~~
≈≈~~~~~~~.......~~~~ ~~
≈≈~~~~~~~......~.~~P c
≈≈≈≈≈≈~~~.(###..~~~P ##.~~~P


There were no monsters in sight!

Vanquished Creatures
  Jorgrun (Orc:1)
  Frances (D:12)
  An ettin (Orc:2)
  A merfolk impaler (Shoals:1)
  Josephine (D:13)
  3 hydras
  An ice dragon (D:15)
  An anaconda (Snake:1)
  4 ogre magi
  17 two-headed ogres
  A merfolk avatar (Shoals:2)
  2 death yaks (Lair:3)
  8 centaur warriors
  2 merfolk aquamancers (D:15)
  4 skeletal warriors (D:13)
  Amaemon (Lair:1)
  4 sea snakes (Shoals:1)
  A deep troll (shapeshifter) (D:14)
  A spriggan simulacrum (IceCv)
  A wizard (D:15)
  A harpy (shapeshifter) (D:15)
  An orc knight (Bailey)
  A deep elf pyromancer (D:12)
  A necromancer (D:14)
  5 manticores
  12 ugly things
  8 cyclopes
  4 fauns (Shoals:1)
  11 elephants
  A salamander (Snake:1)
  3 merfolk sirens (Shoals:1)
  7 black mambas
  An orange demon (Lair:1)
  10 cane toads
  A water nymph (Shoals:1)
  A guardian serpent (shapeshifter) (Lair:5)
  A cane toad (shapeshifter) (D:14)
  5 rime drakes
  2 unseen horrors
  A freezing wraith (IceCv)
  2 kobold demonologists (Bailey)
  12 komodo dragons
  2 ice devils (IceCv)
  An anaconda simulacrum (IceCv)
  4 merfolk (Shoals:1)
  4 trolls
  3 hornets
  4 meliai
  2 polar bears (Lair:4)
  A wind drake (Shoals:2)
  18 blink frogs
  Prince Ribbit (D:5)
  8 slime creatures
  Sigmund (D:5)
  2 snapping turtles (Shoals:1)
  A spriggan (Lair:5)
  3 wyverns
  5 wraiths
  A shadow (D:10)
  53 yaks
  A large abomination (Lair:5)
  A human (D:12)
  2 minotaur simulacra (IceCv)
  4 basilisks
  2 chaos spawn (Lair:5)
  Menkaure (D:4)
  2 steam dragons
  6 vampire mosquitoes
  5 small abominations (Lair:5)
  8 wargs
  4 nagas (Lair:3)
  4 acid dragons
  21 water moccasins
  Duvessa (D:4)
  2 black bears
  27 orc warriors
  An alligator simulacrum (IceCv)
  31 ogres
  18 wolves
  18 centaurs
  A kobold brigand (D:6)
  A necrophage (D:5)
  3 gnoll sergeants
  10 bullfrogs
  A scorpion (D:4)
  5 wights (D:9)
  Dowan (D:5)
  3 killer bees
  9 howler monkeys
  5 electric eels (Bailey)
  A hound (D:5)
  3 jellies
  17 orc priests
  A gnoll bouda (D:7)
  Jessica (D:2)
  2 iguanas
  Ijyb (D:3)
  20 orc wizards
  22 gnolls
  10 adders
  A white imp (D:6)
  An ufetubus (D:5)
  2 worms
  5 dart slugs
  64 orcs
  7 ball pythons
  5 endoplasms
  8 goblins
  19 hobgoblins
  7 quokkas
  6 bats
  5 frilled lizards
  8 kobolds
  9 rats
684 creatures vanquished.

Vanquished Creatures (collateral kills)
  A two-headed ogre (Orc:2)
  2 meliai (D:15)
  3 ogres (Orc:2)
6 creatures vanquished.

Vanquished Creatures (others)
  An orc wizard (D:9)
  A quokka (D:7)
  44 fungi
  108 plants
  4 withered plants (D:10)
158 creatures vanquished.

Grand Total: 848 creatures vanquished

Notes
Turn   | Place    | Note
-------+----------+-------------------------------------------
     0 | D:5      | rhet the Kobold Delver began the quest for the Orb.
     0 | D:5      | Reached XP level 1. HP: 14/14 MP: 1/1
     6 | D:5      | Found an opulent altar of Gozag.
    19 | D:5      | Noticed Sigmund
    38 | D:6      | Noticed a kobold brigand
    88 | D:5      | Found a staircase to the Ecumenical Temple.
    94 | Temple   | Entered the Ecumenical Temple
   469 | Temple   | Became a worshipper of Dithmenos the Shadowed
   554 | D:4      | Reached XP level 2. HP: 19/19 MP: 2/2
   968 | D:4      | Reached XP level 3. HP: 17/23 MP: 3/3
  1201 | D:4      | Reached skill level 3 in Short Blades
  1469 | D:4      | Noticed a scorpion
  1498 | D:3      | Reached XP level 4. HP: 28/28 MP: 4/4
  2348 | D:2      | Noticed Jessica
  2352 | D:2      | Killed Jessica
  2352 | D:2      | Reached * piety under Dithmenos
  2497 | D:1      | Reached XP level 5. HP: 33/33 MP: 5/5
  2683 | D:1      | Reached skill level 4 in Short Blades
  4073 | D:2      | Identified the +11 short sword of Honour {holy, Str+3}
  4528 | D:3      | Noticed Ijyb
  4532 | D:3      | Killed Ijyb
  4656 | D:3      | Reached XP level 6. HP: 38/38 MP: 6/6
  4713 | D:3      | Found Owiag's Book Shop.
  4832 | D:3      | Reached ** piety under Dithmenos
  5020 | D:3      | Found a glowing silver altar of Zin.
  5136 | D:3      | Found a faded altar of an unknown god.
  5229 | D:3      | Found Yluxoste's Antique Weapon Shoppe.
  5275 | D:3      | Reached skill level 5 in Short Blades
  5364 | D:3      | Found a snail-covered altar of Cheibriados.
  5745 | D:4      | Noticed Menkaure
  5792 | D:4      | Identified a scroll of acquirement
  5793 | D:4      | Acquired a manual of Short Blades
  5800 | D:4      | Killed Menkaure
  5801 | D:4      | Reached skill level 6 in Short Blades
  5801 | D:4      | Reached XP level 7. HP: 44/44 MP: 7/7
  5970 | D:5      | Reached skill level 7 in Short Blades
  5996 | D:5      | Killed Sigmund
  5997 | D:5      | Reached skill level 5 in Fighting
  5997 | D:5      | Reached skill level 8 in Short Blades
  5997 | D:5      | Reached XP level 8. HP: 46/49 MP: 8/8
  6147 | D:5      | Noticed Prince Ribbit
  6414 | D:6      | Reached skill level 5 in Dodging
  6493 | D:6      | Learned a level 1 spell: Slow
  6591 | D:6      | Reached skill level 9 in Short Blades
  7045 | D:7      | Noticed a wyvern
  7052 | D:7      | Killed a wyvern
  7053 | D:7      | Reached skill level 1 in Hexes
  7240 | D:7      | Reached skill level 1 in Spellcasting
  7351 | D:7      | Found a white marble altar of Elyvilon.
  7403 | D:5      | Noticed Dowan
  7405 | D:5      | Noticed Duvessa
  7751 | D:5      | Reached skill level 10 in Short Blades
  7761 | D:5      | Killed Prince Ribbit
  7762 | D:5      | Reached XP level 9. HP: 55/55 MP: 11/11
  7873 | D:5      | Acquired 665 gold pieces
  7892 | D:5      | Found a basalt altar of Yredelemnul.
  7942 | D:5      | Killed Dowan
  8379 | D:7      | Reached skill level 11 in Short Blades
  8779 | D:8      | Reached skill level 10 in Stealth
  8779 | D:8      | Reached skill level 1 in Evocations
  8839 | D:8      | Noticed a two-headed ogre
  9784 | D:9      | Found a shimmering altar of Xom.
  9792 | D:9      | Reached *** piety under Dithmenos
  9916 | D:9      | Found a blossoming altar of Fedhas.
  9996 | D:9      | Noticed a troll
 10013 | D:9      | Killed a troll
 10014 | D:9      | Reached XP level 10. HP: 32/63 MP: 14/14
 10276 | D:9      | Reached skill level 12 in Short Blades
 10276 | D:9      | Reached skill level 1 in Ranged Weapons
 10840 | D:3      | Learned a level 3 spell: Confusing Touch
 10842 | D:3      | Learned a level 1 spell: Apportation
 10897 | D:4      | Killed Duvessa
 11898 | D:10     | Entered Level 10 of the Dungeon
 11926 | D:10     | Found an ancient bone altar of Kikubaaqudgha.
 11948 | D:10     | Found Hioqeler's Jewellery Boutique.
 11956 | D:10     | Bought a ring of flight for 227 gold pieces
 11956 | D:10     | Bought a +6 ring of strength for 468 gold pieces
 12011 | D:10     | Found a flagged portal.
 12013 | D:10     | Identified the +0 robe "Cegoz" {SInv}
 12018 | Bailey   | Entered a bailey
 12204 | Bailey   | Reached **** piety under Dithmenos
 12232 | Bailey   | Noticed a kobold demonologist
 12236 | Bailey   | Killed a kobold demonologist
 12247 | Bailey   | Found an iron altar of Okawaru.
 12249 | Bailey   | Noticed a kobold demonologist
 12249 | Bailey   | Noticed an orc knight
 12255 | Bailey   | Noticed an orange demon
 12258 | Bailey   | Killed a kobold demonologist
 12265 | Bailey   | Killed an orc knight
 12303 | Bailey   | Reached skill level 13 in Short Blades
 12314 | Bailey   | Identified the +5 flail of Ucugg {vorpal, Fly rF- Int+6
                  | Dex-3}
 12379 | Bailey   | Identified the +1 plate armour of Loedik {Dex+4}
 12939 | Bailey   | Reached XP level 11. HP: 69/69 MP: 17/17
 13634 | D:10     | Found an iron altar of Okawaru.
 13634 | D:10     | Found a bloodstained altar of Trog.
 13830 | D:10     | Noticed a centaur warrior
 13848 | D:10     | Killed a centaur warrior
 13959 | D:10     | Noticed a skeletal warrior
 14246 | D:9      | Reached skill level 5 in Evocations
 15029 | D:10     | Noticed a centaur warrior
 15134 | D:9      | Acquired the +1 quick blade of Doom {vorpal, rPois Int-3
                  | SInv}
 15381 | D:10     | Noticed a two-headed ogre
 15399 | D:9      | Killed a centaur warrior
 15400 | D:9      | Reached skill level 5 in Ranged Weapons
 15648 | D:10     | Killed a two-headed ogre
 15649 | D:10     | Reached skill level 5 in Hexes
 15706 | D:10     | Reached skill level 5 in Spellcasting
 15931 | D:10     | Reached skill level 14 in Short Blades
 16226 | D:10     | Identified the +0 ring mail of Bitterness {Fly rN+}
 16793 | D:10     | Reached XP level 12. HP: 74/77 MP: 16/19
 16813 | D:10     | Found a staircase to the Lair.
 16898 | Lair:1   | Entered Level 1 of the Lair of Beasts
 16948 | Lair:2   | Noticed a four-headed hydra
 17132 | Lair:1   | Reached skill level 10 in Fighting
 17190 | Lair:1   | Noticed Amaemon
 17487 | Lair:1   | Found a runed translucent gate.
 17487 | Lair:1   | Found a runed translucent gate.
 17489 | Lair:1   | Noticed Kitec's ghost (journeyman MiFi)
 17754 | Lair:1   | Reached ***** piety under Dithmenos
 17810 | Lair:1   | Learned a level 2 spell: Poisonous Vapours
 17829 | Lair:1   | Found a runed translucent gate.
 18052 | Lair:1   | Reached skill level 1 in Poison Magic
 18378 | Lair:2   | Noticed a four-headed hydra
 18734 | D:11     | Reached skill level 15 in Short Blades
 18884 | D:11     | You fall into a shaft and drop 3 floors!
 18926 | D:13     | Noticed a skeletal warrior
 18926 | D:13     | Noticed a skeletal warrior
 18970 | D:14     | Noticed a centaur warrior
 18988 | D:14     | Killed a centaur warrior
 19273 | D:14     | Reached XP level 13. HP: 84/84 MP: 19/21
 19484 | D:14     | Found a hide-covered altar of Uskayaw.
 19848 | D:12     | Noticed a four-headed hydra
 20701 | D:11     | Learned a level 3 spell: Inner Flame
 20760 | D:12     | Noticed a centaur warrior
 21012 | D:12     | Noticed Frances
 21015 | D:12     | Killed Frances
 21016 | D:12     | Reached skill level 16 in Short Blades
 21211 | D:12     | Killed a centaur warrior
 21536 | D:12     | Found a staircase to the Orcish Mines.
 22471 | D:8      | Reached skill level 10 in Dodging
 23311 | Orc:1    | Entered Level 1 of the Orcish Mines
 23311 | Orc:1    | Noticed Jorgrun
 23315 | Orc:1    | Killed Jorgrun
 23917 | Orc:1    | Found Usir's Jewellery Shop.
 24115 | Orc:2    | Entered Level 2 of the Orcish Mines
 24244 | Orc:2    | Reached skill level 1 in Armour
 24253 | Orc:2    | Reached XP level 14. HP: 81/91 MP: 22/22
 24861 | Orc:2    | Found a staircase to the Elven Halls.
 25659 | Orc:2    | Reached skill level 10 in Evocations
 25772 | Orc:2    | Reached skill level 17 in Short Blades
 25795 | Elf:1    | Entered Level 1 of the Elven Halls
 25795 | Elf:1    | Found a runed translucent gate.
 25795 | Elf:1    | Found a runed translucent gate.
 25795 | Elf:1    | Found a runed translucent gate.
 25795 | Elf:1    | Found a runed translucent gate.
 25795 | Elf:1    | Found a runed translucent gate.
 25795 | Elf:1    | Found a runed translucent gate.
 26602 | Orc:2    | Found Kuwegg's Antique Weapon Shop.
 26602 | Orc:2    | Found Xonoleut's Armour Shoppe.
 26603 | Orc:2    | Found Nefoxt's Jewellery Shoppe.
 26603 | Orc:2    | Found Keschim's Antique Weapon Boutique.
 26610 | Orc:2    | Bought the +2 hood of the Assassin {Detection Stab+
                  | Stlth++} for 840 gold pieces
 26610 | Orc:2    | Found the +2 hood of the Assassin {Detection Stab+ Stlth++}
 26621 | Orc:2    | Bought a scarf of repulsion for 168 gold pieces
 27092 | Lair:1   | Killed Amaemon
 28007 | Lair:3   | Found a staircase to the Shoals.
 28087 | Lair:3   | Reached XP level 15. HP: 97/97 MP: 9/23
 28194 | Shoals:1 | Entered Level 1 of the Shoals
 28249 | Lair:3   | Found a staircase to the Snake Pit.
 28262 | Snake:1  | Entered Level 1 of the Snake Pit
 28495 | Lair:3   | Reached skill level 10 in Ranged Weapons
 28652 | Lair:4   | Reached ****** piety under Dithmenos
 28999 | Lair:4   | Found a runed translucent door.
 28999 | Lair:4   | Found a viscous altar of Jiyva.
 28999 | Lair:4   | Found a staircase to the Slime Pits.
 29555 | Lair:5   | Entered Level 5 of the Lair of Beasts
 30222 | Lair:5   | Reached skill level 15 in Stealth
 33008 | D:13     | Reached XP level 16. HP: 104/104 MP: 21/26
 33141 | D:13     | Noticed Josephine
 33149 | D:13     | Killed Josephine
 34777 | D:14     | Found a gate to the Vaults.
 34913 | D:15     | Entered Level 15 of the Dungeon
 35023 | D:15     | Reached skill level 18 in Short Blades
 35115 | D:15     | Found a frozen archway.
 35120 | IceCv    | Entered an ice cave
 35591 | IceCv    | HP: 5/104 [spriggan defender simulacrum (10)]
 37343 | Shoals:1 | Noticed Aizul
 37495 | Shoals:2 | Found Wukeipnusito's Jewellery Emporium.
 37539 | Shoals:2 | Bought the amulet "Ytuob" {Acrobat rF+ Int+3} for 704 gold
                  | pieces
 37785 | Shoals:1 | HP: 5/104 [poisoned by a sea snake]
 37787 | Shoals:1 | Succumbed to a sea snake's poison

Illustrated notes

Levels and vault maps discovered:
D:1:      dpeg_arrival_boxorama, layout_basic
D:2:      layout_basic, uniq_jessica
D:3:      layout_loops_ring, mainiacjoe_overflow_six_doors_small,
          mainiacjoe_overflow_brackets, dilly_ecumenical_altar_fadedgnrine,
          serial_shops, nicolae_lakefront_shop, shop, chequers_avenue,
          minmay_randomly_rotated_circles, uniq_ijyb
D:4:      layout_basic, uniq_menkaure
D:5:      layout_rooms, grunt_gozag_statues, lemuel_round_altar,
          minmay_temple_entry_arrows, st_stairs_14, uniq_duvessa, uniq_sigmund,
          uniq_prince_ribbit1
D:6:      layout_basic
D:7:      layout_loops_corners, elyvilon_altar_4, nicolae_figureground_sparkle
D:8:      layout_basic
D:9:      layout_roguey, mainiacjoe_overflow_surrounded_room,
          lemuel_round_altar, serial_corexii_hall,
          chequers_hall_statues_corner_a, chequers_hall_statues_y,
          chequers_hall_statues_y, chequers_hall_statues_corner_a,
          corexii_hall_statues_l, corexii_hall_statues_x
D:10:     nzn_winding_woodlands_cross [nzn_winding_woodlands_5x15_zeroes,
          nzn_winding_woodlands_5x15_concentric,
          nzn_winding_woodlands_5x15_default,
          nzn_winding_woodlands_5x15_default,
          nzn_winding_woodlands_15x15_five_gardens], layout_loops_corners,
          grunt_temple_overflow_bloody_war, kiku_gazebo_garden_becter,
          david_lair_generic, enter_bailey_2, serial_shops, shop,
          nicolae_concentric_dashed_squares_mild
D:11:     layout_stronghold
D:12:     layout_gridville, erik_orc_4, uniq_frances
D:13:     layout_roguey, uniq_josephine
D:14:     layout_stronghold, david_vaults_4, solitary_fountain,
          serial_column_ruins, column_ruins_grid_1,
          column_ruins_open_small_water, column_ruins_grid_3,
          column_ruins_columns_dead_end, column_ruins_columns_straight,
          column_ruins_grid_1, column_ruins_columns_plus,
          eat_drink_and_be_merry_uskayaw
D:15:     grunt_enter_depths_giant_problem, layout_stronghold,
          portal_ice_cave_entry_dragon, minmay_misc_feat_five,
          nicolae_splish_splash
Temple:   nicolae_temple_godzebo
Lair:1:   layout_cave_pods, ebering_ghost_rock_garden, grunt_megastairs_3,
          uniq_amaemon
Lair:2:   layout_chaotic_city, grunt_megastairs_1
Lair:3:   layout_regular_city, minmay_shoals_entry_centaurs,
          minmay_snake_entry_guardpost_small, hangedman_lair_unloving_vines,
          beast_lair_carwin_7, lemuel_fruit_fields, infiniplex_staircase_pool_2,
          lemuel_fruit_tree
Lair:4:   layout_gridlike, slime_entry_2, grunt_megastairs_5
Lair:5:   hellmonk_lair_end_abyssal_woods, layout_loops_ring,
          serial_bayou_pond_e, minmay_lindwurm_lava
Shoals:1: layout_shoals, serial_shops, shop, uniq_aizul
Shoals:2: nicolae_shoals_lighthouse, layout_shoals, serial_shops,
          nicolae_shop_statue_plus, nicolae_shoals_mertower, uniq_roxanne
Snake:1:  layout_rooms, serial_shops, nicolae_shop_advertising_works
          [nicolae_subvault_shop_adworks], hellmonk_ghost_happy_afterlife,
          uniq_kirke
Orc:1:    layout_caves, serial_shops, shop_fountains, uniq_jorgrun
Orc:2:    st_orc_ogre_mass, layout_diamond_mine, basic_altar
Elf:1:    nicolae_elf_arrival_dilemma, layout_loops_corners, serial_shops,
          nicolae_shop_trees, shop_fountains, shop, minivault_28,
          minmay_shop_star

Skill      XL: |  1  2  3  4  5  6  7  8  9 10 11 12 13 14 15 16 |
---------------+-------------------------------------------------+-----
Stealth        | 7 8 9 10 11 12 13 14 15 16 | 16.0
Short Blades   | 3 4 6 8 10 11 13 14 15 16 17 18 | 18.3
Dodging        | 3 4 5 6 7 8 9 10 11 12 | 12.5
Fighting       | 4 5 7 8 9 11 12 13 | 13.5
Hexes          | 1 3 4 5 6 7 8 9 |  9.5
Spellcasting   | 1 3 4 5 6 7 |  7.8
Evocations     | 2 4 5 6 9 10 | 10.7
Ranged Weapons | 3 5 7 8 9 11 13 | 13.5
Poison Magic   | 2 3 |  3.4
Armour         | 1 4 |  4.1

Action                   |  1- 3 |  4- 6 |  7- 9 | 10-12 | 13-15 | 16-18 || total
-------------------------+-------+-------+-------+-------+-------+-------++-------
Melee: Short sword       |    53 |   165 |   154 |   486 |  1187 |   337 ||  2382
       Punch             |     1 |       |     4 |     8 |    23 |     1 ||    37
 Fire: Sling             |       |     1 |       |       |       |       ||     1
       Shortbow          |       |       |       |    12 |    35 |    11 ||    58
Throw: Stone             |       |     1 |       |       |       |       ||     1
 Cast: Slow              |       |       |     4 |    83 |   181 |    27 ||   295
       Poisonous Vapours |       |       |       |     2 |     3 |       ||     5
       Confusing Touch   |       |       |       |       |    65 |    26 ||    91
       Inner Flame       |       |       |       |       |     1 |       ||     1
Invok: Shadow Step       |       |       |       |     2 |     4 |       ||     6
Evoke: Wand              |       |       |    11 |    13 |    15 |     6 ||    45
  Use: Scroll            |     1 |    10 |    10 |    18 |    17 |     8 ||    64
       Potion            |     1 |     1 |     5 |     9 |     3 |    12 ||    31
 Stab: Sleeping          |     6 |    38 |    24 |    38 |    93 |    36 ||   235
       Invisible         |       |       |       |     5 |       |     3 ||     8
       Distracted        |       |       |       |     1 |     4 |     1 ||     6
       Confused          |       |       |       |       |    47 |    17 ||    64
Armor: Leather armour    |     5 |    18 |    10 |       |       |       ||    33
       Robe              |       |       |    17 |    30 |    28 |    11 ||    86
       Acid dragon scale |       |       |       |       |   105 |    50 ||   155
Dodge: Dodged            |    32 |    81 |    90 |   237 |   836 |   296 ||  1572
       Repelled          |       |       |       |       |     5 |     3 ||     8
